 Dungeon Crawl Stone Soup version 0.20-a0-1043-gbd57889 (webtiles) character file.

235874 HarryHood the Warrior (level 19, -15/130 HPs)
             Began as a Gargoyle Berserker on Apr 23, 2017.
             Was the Champion of Trog.
             Killed from afar by a deep elf knight (55 damage)
             ... with a shard of ice
             ... led by an ironheart preserver
             ... on level 1 of the Vaults on Apr 25, 2017.
             The game lasted 02:29:35 (31995 turns).

HarryHood the Warrior (Gargoyle Berserker)         Turns: 31995, Time: 02:29:36

Health: -15/130    AC: 44    Str: 33    XL:     19   Next: 19%
Magic:  28/28      EV: 17    Int:  9    God:    Trog [******]
Gold:   1054       SH: 20    Dex: 15    Spells: 18/18 levels left

rFire    + + .     SeeInvis +   a - +10 morningstar "Eos" {elec, Halo rElec}
rCold    x . .     Gourm    .   v - +1 shield
rNeg     + + +     Faith    .   P - +2 plate armour of Grace {rF++}
rPois    ∞         Spirit   .   I - +1 helmet
rElec    +         Reflect  +   h - +1 cloak
rCorr    .         Harm     .   M - +1 pair of gloves
MR       ++...                  m - +2 pair of boots "Jiateagati" {rPois rF+}
Stlth    ..........             j - amulet "Lysemy" {Reflect rF- MP+9 Dex+3 SH+4}
Regen    0.4/turn               s - ring "Puowuel" {rC- rN+++ Str+6 SInv}
MPRegen  0.3/turn               L - +3 ring of evasion

@: flying, glowing
A: big wings, agile 1, blurry vision 1, magic resistance 1, negative energy
resistance 1, electricity resistance, unbreathing, petrification resistance, rot
immunity, AC +13
}: 2/15 runes: serpentine, barnacled
a: Stop Flying, Berserk, Trog's Hand, Brothers in Arms, Burn Spellbooks,
Renounce Religion


You were on level 1 of the Vaults.
You worshipped Trog.
Trog was exalted by your worship.
You were not hungry.

You visited 6 branches of the dungeon, and saw 32 of its levels.

You collected 2589 gold pieces.
You spent 1535 gold pieces at shops.

Inventory:

Hand Weapons
 a - the +10 morningstar "Eos" (weapon) {elec, Halo rElec}
   (Trog gifted it to you on level 2 of the Shoals)

   Occasionally, upon striking a foe, it will discharge some electrical energy
   and cause terrible harm.
   It insulates you from electricity.
 b - the +5 hunting sling "Vanyte" {velocity, +Blink rElec rPois}
   (You took it off a crimson imp on level 8 of the Dungeon)

   Any stone fired from it inflicts extra damage.
   It insulates you from electricity.
   It protects you from poison.
   It lets you blink.
Missiles
 l - 406 sling bullets
Armour
 h - a +1 cloak (worn)
 m - the +2 pair of boots "Jiateagati" (worn) {rPois rF+}
   (You found it on level 1 of the Lair of Beasts)

   It protects you from fire.
   It protects you from poison.
 v - a +1 shield (worn)
 I - a +1 helmet (worn)
 M - a +1 pair of gloves (worn)
 O - a scarf of cold resistance
 P - the +2 plate armour of Grace (worn) {rF++}
   (You bought it in a shop on level 2 of the Orcish Mines)

   It greatly protects you from fire.
Jewellery
 j - the amulet "Lysemy" (around neck) {Reflect rF- MP+9 Dex+3 SH+4}
   (You bought it in a shop on level 2 of the Snake Pit)

   [amulet of reflection]

   It shields you and reflects attacks.
   It affects your dexterity (+3).
   It makes you vulnerable to fire.
   It affects your magic capacity (+9).
   It affects your SH (+4).
 s - the ring "Puowuel" (left hand) {rC- rN+++ Str+6 SInv}
   (You found it on level 8 of the Dungeon)

   [ring of see invisible]

   It affects your strength (+6).
   It makes you vulnerable to cold.
   It renders you almost immune to negative energy.
   It lets you see invisible.
 u - an uncursed amulet of guardian spirit
 x - an uncursed ring of resist corrosion
 H - a +1 ring of protection
 L - a +3 ring of evasion (right hand)
Scrolls
 g - 19 scrolls of remove curse {@r1}
 p - 6 scrolls of fog
 q - 6 scrolls of fear
 r - a scroll of identify
 y - 7 scrolls of blinking {@r7}
 B - 4 scrolls of immolation {!r}
 C - 2 scrolls of magic mapping
 G - 4 scrolls of teleportation {@r0}
 R - a scroll of enchant weapon
Potions
 e - 2 potions of resistance
 f - 7 potions of haste
 i - 16 potions of curing {@q2}
 n - 3 potions of ambrosia
 o - 3 potions of might
 w - 3 potions of agility
 A - 7 potions of lignification {!q}
 D - 5 potions of mutation {!q}
 E - 5 potions of brilliance
 F - 2 potions of heal wounds {@q1}
 J - a potion of berserk rage
 K - 2 potions of cancellation
Comestibles
 c - 15 bread rations {@e1}
 d - 15 meat rations {@e1}
 k - 10 chunks of flesh
 t - 8 royal jellies {@e3}
 z - 20 fruits {@e2}


   Skills:
 * Level 17.8 Fighting
 - Level 17.6 Maces & Flails
 - Level 12.0 Slings
 - Level 15.0 Armour
 - Level 9.0 Dodging
 - Level 15.0 Shields


You had 18 spell levels left.
You didn't know any spells.

Dungeon Overview and Level Annotations

Branches:
Dungeon (15/15)            Temple (0/1) D:7            Lair (6/6) D:10
 Shoals (4/4) Lair:4        Snake (4/4) Lair:4        Slime (0/5) Lair:6
    Orc (2/2) D:12            Elf (0/3) Orc:2        Vaults (1/5) D:14
 Depths (0/5) D:15

Altars:
Dithmenos
Elyvilon
Gozag
Kikubaaqudgha
Makhleb
Qazlal
Ru
Vehumet
Xom
Yredelemnul
The Shining One
Jiyva

Shops:
D:9 %   Orc:2 [[:(   Snake:2 =}=

Annotations:
Shoals:4 Ilsuiw


Innate Abilities, Weirdness & Mutations

You are resistant to torment.
Your stone body is resilient. (AC +13)
You are immune to poison.
Your large and strong wings let you fly indefinitely.
You resist negative energy. (rN+)
You are resistant to electric shocks. (rElec)
You can survive without breathing.
You are immune to petrification.
You are immune to rotting.
You are agile. (Dex +2)
Scrolls take you a little longer to read.
You are resistant to hostile enchantments. (MR+)


Message History

The deep elf knight closely misses you.
You hit the sun demon. You block the sun demon's attack.
The ironheart preserver mumbles some strange words.
The ironheart preserver is healed somewhat.
The deep elf mage casts a spell.
You block the deep elf mage's attack.
You impale the sun demon!!
You kill the sun demon!
You block the deep elf knight's attack.
The ironheart preserver gestures wildly while chanting.
The ironheart preserver begins to accept its allies' injuries.
You block the deep elf mage's attack. You block the earth elemental's attack.
You bludgeon the deep elf mage!!
The deep elf knight casts a spell.
The deep elf knight flickers and vanishes for a moment.
You block the deep elf mage's attack.
You block the ironheart preserver's attack.
The deep elf knight gestures at you while chanting.
The shard of ice hits you!
You feel a painful chill!
You die...

▒▒▒▒▒▒▒▒)...▒▒▒▒
................
.................
.................
.................
▒▒▒▒▒▒▒▒▒'▒▒▒▒▒▒▒▒
▒.......4..▒
▒.....ee..>▒
▒.....p@...▒
▒.....EEe..▒
▒.....(....▒
▒..........▒
▒▒▒▒▒▒▒▒▒▒▒▒


You could see an ironheart preserver, a deep elf knight (invisible), 2 earth
elementals, 2 deep elf magi and a red devil.

Vanquished Creatures
  Mara (Shoals:3)
  Vashnia (Snake:2)
  Jorgrun (Snake:3)
  Asterion (Snake:1)
  Gastronok (Lair:3)
  Polyphemus (Shoals:3)
  Kirke (D:13)
  Agnes (Snake:2)
  4 nagarajas
  Roxanne (D:14)
  The ghost of norplu the Severer, a journeyman HOFi of Okawaru (D:13)
  A vault warden (Vaults:1)
  Aizul (Snake:1)
  An ironheart preserver (Vaults:1)
  7 merfolk javelineers (Shoals:4)
  4 merfolk impalers
  A fire dragon (Lair:6)
  4 hydras
  A vault guard (D:14)
  The ghost of GoodGuyCisco the Cleaver, a journeyman FoFi of Okawaru (D:9)
  9 naga warriors
  An ice dragon (D:14)
  A merfolk avatar (Shoals:4)
  6 merfolk aquamancers
  2 centaur warriors (D:15)
  A catoblepas (Shoals:3)
  14 anacondas
  3 ogre magi
  12 two-headed ogres
  8 death yaks
  A satyr (Shoals:4)
  3 shock serpents
  3 tengu warriors
  4 orc high priests
  A vampire mage (D:15)
  Sonja (Lair:4)
  13 naga sharpshooters
  9 sea snakes
  2 salamander mystics (Snake:3)
  An unseen horror (D:13)
  A storm dragon skeleton (D:15)
  2 skeletal warriors (D:15)
  5 orc knights
  An ironbrand convoker (Vaults:1)
  8 naga ritualists
  20 harpies
  A necromancer (D:15)
  2 lindwurms
  8 ugly things (D:15)
  4 orc sorcerers
  13 mana vipers
  7 cyclopes
  A stone giant zombie (D:15)
  A deep elf mage (D:13)
  14 salamanders
  8 manticores
  A wolf spider (Vaults:1)
  5 fauns
  A salamander (shapeshifter) (D:14)
  21 naga magi
  6 merfolk sirens
  A guardian serpent (Snake:2)
  8 water nymphs
  39 black mambas
  A torpor snail (Lair:6)
  9 spiny frogs
  A gargoyle (D:13)
  2 yaktaurs
  3 kobold demonologists (D:14)
  2 molten gargoyles (Lair:6)
  4 rime drakes
  18 komodo dragons
  A freezing wraith (D:14)
  A tengu conjurer (D:14)
  6 trolls
  The ghost of Chizzley the Conjurer, a novice DECj (D:5)
  4 polar bears
  The ghost of apoch the Cleaver, an amateur HOFi (D:4)
  14 merfolk
  4 wind drakes
  13 hippogriffs
  8 blink frogs
  Prince Ribbit (D:7)
  A hippogriff (shapeshifter) (D:13)
  8 dream sheep (Lair:6)
  9 snapping turtles
  A slime creature (D:14)
  9 water elementals
  A vampire (D:12)
  2 shadows
  8 wyverns
  A deep troll skeleton (D:15)
  2 basilisks
  47 yaks
  2 wraiths (D:15)
  4 hogs (D:13)
  6 vampire mosquitoes
  2 steam dragons
  3 hungry ghosts
  Menkaure (D:7)
  A warg (Orc:1)
  28 nagas
  A human zombie (D:15)
  2 acid dragons
  5 hell hounds (Lair:6)
  7 water moccasins
  Duvessa (D:7)
  7 porcupines
  28 orc warriors
  7 ice beasts
  2 eyes of draining
  11 ogres
  5 necrophages (Lair:2)
  14 centaurs
  2 phantoms
  5 boggarts (Vaults:1)
  8 wolves
  8 sky beasts
  14 crocodiles
  18 bullfrogs
  3 big kobolds
  A gnoll sergeant (D:11)
  Dowan (D:7)
  7 scorpions
  4 killer bees (D:11)
  5 wights (D:10)
  A howler monkey (D:8)
  11 crimson imps
  5 lava snakes (Lair:6)
  A quasit (D:7)
  2 bullfrog zombies
  4 centaur zombies
  6 jellies
  11 orc priests
  4 bullfrog skeletons
  18 orc wizards
  7 hounds
  9 centaur skeletons
  3 iguanas
  9 worker ants
  A hound zombie (D:5)
  7 gnolls
  A howler monkey skeleton (D:4)
  13 adders
  2 shadow imps
  2 oozes
  An adder skeleton (D:7)
  2 worms (D:4)
  3 dart slugs
  9 leopard geckos
  67 orcs
  5 bats
  7 giant cockroaches
  5 goblins
  8 hobgoblins
  10 kobolds
  7 quokkas
  A ball python (D:4)
  10 frilled lizards
  9 rats
  5 plants
970 creatures vanquished.

Vanquished Creatures (collateral kills)
  2 nagarajas (Snake:4)
  2 naga warriors (Snake:4)
  6 naga sharpshooters
  A shock serpent (Snake:4)
  2 naga ritualists (Snake:4)
  4 naga magi
  A black mamba (Snake:4)
  9 nagas
27 creatures vanquished.

Vanquished Creatures (others)
  A human (D:13)
  2 centaurs
  2 orcs (Orc:1)
  2 giant cockroaches (D:1)
  5 fungi
  8 plants
  4 tentacles (Shoals:4)
  A withered plant (D:15)
25 creatures vanquished.

Grand Total: 1022 creatures vanquished

Notes
Turn   | Place    | Note
-------+----------+-------------------------------------------
     0 | D:1      | HarryHood the Gargoyle Berserker began the quest for the Orb.
     0 | D:1      | Reached XP level 1. HP: 14/14 MP: 1/1
   173 | D:1      | Reached XP level 2. HP: 20/20 MP: 2/2
   197 | D:1      | Reached skill level 4 in Fighting
   408 | D:1      | Reached XP level 3. HP: 24/24 MP: 3/3
   903 | D:1      | Reached ** piety under Trog
  1133 | D:2      | Reached skill level 5 in Fighting
  1330 | D:2      | Reached XP level 4. HP: 31/31 MP: 4/4
  1803 | D:3      | Reached skill level 6 in Fighting
  1972 | D:3      | Reached XP level 5. HP: 36/36 MP: 5/5
  2793 | D:4      | Reached skill level 4 in Maces & Flails
  2806 | D:4      | Noticed apoch's ghost (amateur HOFi)
  2820 | D:4      | Reached *** piety under Trog
  2827 | D:4      | Killed apoch's ghost
  2827 | D:4      | Reached skill level 5 in Maces & Flails
  2827 | D:4      | Reached XP level 6. HP: 28/41 MP: 4/6
  2941 | D:4      | Reached skill level 6 in Maces & Flails
  2941 | D:4      | Reached XP level 7. HP: 46/46 MP: 7/7
  3049 | D:4      | Reached skill level 3 in Armour
  3381 | D:4      | Received a gift from Trog
  3386 | D:4      | Reached skill level 4 in Armour
  3425 | D:5      | Entered Level 5 of the Dungeon
  3491 | D:5      | Noticed Chizzley's ghost (novice DECj)
  3525 | D:5      | Killed Chizzley's ghost
  3525 | D:5      | Reached skill level 5 in Armour
  3527 | D:5      | Reached XP level 8. HP: 27/51 MP: 6/8
  3699 | D:5      | Reached skill level 6 in Armour
  3887 | D:5      | Reached skill level 7 in Fighting
  4051 | D:5      | Reached skill level 8 in Fighting
  4378 | D:6      | Reached skill level 9 in Fighting
  4387 | D:6      | Reached XP level 9. HP: 27/60 MP: 5/9
  4737 | D:6      | You fall through a shaft!
  4764 | D:7      | Noticed Dowan
  4766 | D:7      | Noticed Duvessa
  4774 | D:7      | Killed Dowan
  4774 | D:7      | Reached skill level 7 in Maces & Flails
  4780 | D:7      | Killed Duvessa
  4962 | D:6      | Reached skill level 8 in Maces & Flails
  5250 | D:6      | Reached **** piety under Trog
  5558 | D:6      | Reached skill level 9 in Maces & Flails
  5808 | D:7      | Found a staircase to the Ecumenical Temple.
  5878 | D:7      | Reached skill level 7 in Armour
  6169 | D:7      | Noticed Menkaure
  6172 | D:7      | Killed Menkaure
  6233 | D:7      | Reached skill level 8 in Armour
  6301 | D:7      | Noticed Prince Ribbit
  6306 | D:7      | Killed Prince Ribbit
  6306 | D:7      | Reached XP level 10. HP: 64/66 MP: 8/10
  6630 | D:7      | Gained mutation: Your flesh is cold resistant. (rC+) [potion of mutation]
  6630 | D:7      | Gained mutation: You possess an exceptional clarity of mind. [potion of mutation]
  6630 | D:7      | Gained mutation: Your body sometimes deteriorates upon taking damage. [potion of mutation]
  6630 | D:7      | Gained mutation: Your movements are slightly less encumbered by armour. (ER -2) [potion of mutation]
  6631 | D:7      | Lost mutation: Your body sometimes deteriorates upon taking damage. [potion of mutation]
  6631 | D:7      | Lost mutation: Your movements are slightly less encumbered by armour. (ER -2) [potion of mutation]
  6631 | D:7      | Lost mutation: Your flesh is cold resistant. (rC+) [potion of mutation]
  6631 | D:7      | Gained mutation: You are partially covered in yellow scales. (AC +2) [potion of mutation]
  6631 | D:7      | Gained mutation: You have a pair of small antennae on your head. [potion of mutation]
  6632 | D:7      | Lost mutation: You possess an exceptional clarity of mind. [potion of mutation]
  6632 | D:7      | Lost mutation: You are partially covered in yellow scales. (AC +2) [potion of mutation]
  6632 | D:7      | Gained mutation: Your body sometimes deteriorates upon taking damage. [potion of mutation]
  6632 | D:7      | Gained mutation: You are agile. (Dex +2) [potion of mutation]
  6633 | D:7      | Lost mutation: Your body sometimes deteriorates upon taking damage. [potion of mutation]
  6633 | D:7      | Lost mutation: You are agile. (Dex +2) [potion of mutation]
  6633 | D:7      | Lost mutation: You have a pair of small antennae on your head. [potion of mutation]
  6633 | D:7      | Gained mutation: Your large and strong wings let you fly indefinitely. [potion of mutation]
  6633 | D:7      | Gained mutation: Scrolls take you a little longer to read. [potion of mutation]
  6633 | D:7      | Gained mutation: You are resistant to hostile enchantments. (MR+) [potion of mutation]
  6633 | D:7      | Gained mutation: You are agile. (Dex +2) [potion of mutation]
  6719 | D:8      | Got a scintillating silver ring
  6721 | D:8      | Identified the ring "Puowuel" {rC- rN+++ Str+6 SInv} (You found it on level 8 of the Dungeon)
  6751 | D:8      | Got a faintly glowing leather armour
  6812 | D:8      | Reached skill level 9 in Armour
  6834 | D:8      | Reached skill level 2 in Slings
  6837 | D:8      | Got a smoking hunting sling
  6870 | D:8      | HP: 4/66 [orc/flail (4)]
  7439 | D:8      | Reached skill level 3 in Slings
  7628 | D:8      | Identified the +5 hunting sling "Vanyte" {velocity, +Blink rElec rPois} (You took it off a crimson imp on level 8 of the Dungeon)
  7645 | D:9      | Upgraded the game from 0.20-a0-1040-gfd09691 to 0.20-a0-1043-gbd57889
  7647 | D:9      | Found Viplushy's Food Boutique.
  7831 | D:9      | Found a glowing golden altar of the Shining One.
  7831 | D:9      | Found a stormy altar of Qazlal.
  7916 | D:9      | Reached ***** piety under Trog
  7935 | D:9      | Found a faded altar of an unknown god.
  7935 | D:9      | Found a sacrificial altar of Ru.
  7940 | D:9      | Found a basalt altar of Yredelemnul.
  7942 | D:9      | Found a white marble altar of Elyvilon.
  7944 | D:9      | Found an opulent altar of Gozag.
  8003 | D:9      | Noticed GoodGuyCisco's ghost (journeyman FoFi)
  8016 | D:9      | Killed GoodGuyCisco's ghost
  8016 | D:9      | Reached skill level 10 in Fighting
  8282 | D:9      | Identified the +3 leather armour "Ciufeody" {-Cast -Tele Int+8 SInv} (You found it on level 8 of the Dungeon)
  8294 | D:10     | Entered Level 10 of the Dungeon
  8346 | D:10     | Found a shimmering altar of Xom.
  8398 | D:10     | Reached skill level 11 in Fighting
  8548 | D:10     | Found a staircase to the Lair.
  8609 | D:10     | Received a gift from Trog
  8921 | D:10     | Reached skill level 12 in Fighting
  8925 | D:10     | Reached XP level 11. HP: 57/76 MP: 8/11
  9543 | D:11     | Reached skill level 10 in Maces & Flails
 10301 | D:11     | Noticed a cyclops
 10313 | D:11     | Killed a cyclops
 10313 | D:11     | Reached skill level 11 in Maces & Flails
 10908 | D:12     | Found an ancient bone altar of Kikubaaqudgha.
 11081 | D:12     | Noticed a two-headed ogre
 11091 | D:12     | Killed a two-headed ogre
 11091 | D:12     | Reached skill level 12 in Maces & Flails
 11435 | D:12     | Noticed a two-headed ogre
 11441 | D:12     | Killed a two-headed ogre
 11604 | D:12     | Found a staircase to the Orcish Mines.
 11660 | D:12     | Reached skill level 1 in Shields
 11746 | D:12     | Reached skill level 2 in Shields
 11946 | Lair:1   | Entered Level 1 of the Lair of Beasts
 12027 | Lair:1   | Got a pair of slimy boots
 12033 | Lair:1   | Identified the +2 pair of boots "Jiateagati" {rPois rF+} (You found it on level 1 of the Lair of Beasts)
 12139 | Lair:1   | Reached skill level 3 in Shields
 12139 | Lair:1   | Reached XP level 12. HP: 80/81 MP: 12/12
 12169 | Lair:1   | Reached skill level 4 in Shields
 12341 | Lair:1   | Received a gift from Trog
 12347 | Lair:1   | Reached skill level 5 in Shields
 12360 | Lair:1   | Reached skill level 6 in Shields
 12383 | Lair:1   | Got a crude great mace {god gift}
 13012 | Lair:2   | Reached skill level 10 in Armour
 13664 | Lair:2   | Reached skill level 11 in Armour
 13963 | Lair:3   | Reached skill level 13 in Maces & Flails
 14059 | Lair:3   | Noticed Gastronok
 14073 | Lair:3   | Killed Gastronok
 14073 | Lair:3   | Reached skill level 14 in Maces & Flails
 14638 | Lair:4   | Received a gift from Trog
 14638 | Lair:4   | Reached skill level 15 in Maces & Flails
 14643 | Lair:4   | Reached XP level 13. HP: 86/86 MP: 13/13
 14677 | Lair:4   | Found a staircase to the Shoals.
 14751 | Lair:4   | Noticed Sonja
 14977 | Lair:4   | Reached skill level 16 in Maces & Flails
 14989 | Lair:4   | Found a staircase to the Snake Pit.
 15026 | Lair:4   | Killed Sonja
 15197 | Lair:4   | Reached skill level 4 in Slings
 15211 | Lair:4   | Received a gift from Trog
 15741 | Lair:5   | Reached skill level 5 in Slings
 16299 | Lair:6   | Entered Level 6 of the Lair of Beasts
 16415 | Lair:6   | Reached skill level 6 in Slings
 16664 | Lair:6   | Found a viscous altar of Jiyva.
 16669 | Lair:6   | Identified the +10 great mace of Dekoitsu {flame, rN+} (Trog gifted it to you on level 1 of the Lair of Beasts)
 16669 | Lair:6   | Found a staircase to the Slime Pits.
 16704 | Lair:6   | Reached skill level 17 in Maces & Flails
 16752 | Lair:6   | Reached skill level 12 in Armour
 16888 | Lair:6   | Reached skill level 7 in Shields
 16920 | Lair:6   | Found a large runed door.
 16922 | Lair:6   | Found a large runed door.
 16936 | Lair:6   | Mutation became permanent: Your large and strong wings let you fly indefinitely. [Gargoyle growth]
 16936 | Lair:6   | Gained mutation: Your large and strong wings let you fly indefinitely. [Gargoyle growth]
 16936 | Lair:6   | Reached XP level 14. HP: 74/92 MP: 11/14
 16983 | Lair:6   | Reached skill level 8 in Shields
 17209 | Lair:6   | Reached skill level 9 in Shields
 18003 | D:13     | Found a labyrinth entrance.
 18003 | D:13     | Noticed norplu's ghost (journeyman HOFi)
 18029 | D:13     | Killed norplu's ghost
 18029 | D:13     | Reached skill level 13 in Fighting
 18092 | D:13     | Received a gift from Trog
 18389 | D:13     | Noticed Kirke
 18419 | D:13     | Killed Kirke
 18419 | D:13     | Reached skill level 14 in Fighting
 18668 | D:14     | Reached skill level 7 in Slings
 18792 | D:14     | Found a gate to the Vaults.
 18919 | D:14     | Reached skill level 8 in Slings
 18948 | D:14     | Reached XP level 15. HP: 39/100 MP: 7/15
 19190 | D:14     | Reached ****** piety under Trog
 19241 | D:14     | Noticed Roxanne
 19309 | D:14     | Received a gift from Trog
 19312 | D:14     | Reached skill level 9 in Slings
 19798 | D:12     | Received a gift from Trog
 19841 | Orc:1    | Entered Level 1 of the Orcish Mines
 19884 | Orc:1    | Found a radiant altar of Vehumet.
 20118 | Orc:2    | Entered Level 2 of the Orcish Mines
 20125 | Orc:2    | Found a staircase to the Elven Halls.
 20185 | Orc:1    | Reached skill level 10 in Shields
 20826 | Orc:2    | Reached skill level 11 in Shields
 21197 | Orc:2    | Received a gift from Trog
 21252 | Orc:2    | Found Ajaa's Weapon Shoppe.
 21252 | Orc:2    | Found Yzablix's Book Shop.
 21254 | Orc:2    | Found Kioss's Antique Armour Shoppe.
 21254 | Orc:2    | Found Athiob's Antique Armour Shop.
 21264 | Orc:2    | Bought an agate-encrusted plate armour for 700 gold pieces
 21277 | Orc:2    | Identified the +2 plate armour of Grace {rF++} (You bought it in a shop on level 2 of the Orcish Mines)
 21328 | Orc:2    | Found a burning altar of Makhleb.
 21617 | Snake:1  | Entered Level 1 of the Snake Pit
 21728 | Snake:1  | Reached skill level 12 in Shields
 21743 | Snake:1  | Noticed Asterion
 21748 | Snake:1  | Noticed Aizul
 21754 | Snake:1  | Reached skill level 2 in Dodging
 21756 | Snake:1  | Noticed an Executioner
 21765 | Snake:1  | Killed Aizul
 21773 | Snake:1  | Killed Asterion
 21773 | Snake:1  | Reached skill level 3 in Dodging
 22095 | Snake:1  | Found a shadowy altar of Dithmenos.
 22387 | Snake:2  | Received a gift from Trog
 22394 | Snake:2  | Reached skill level 10 in Slings
 22676 | Snake:2  | Noticed Agnes
 22691 | Snake:2  | Killed Agnes
 22693 | Snake:2  | Reached XP level 16. HP: 106/106 MP: 14/16
 22712 | Snake:2  | Noticed Vashnia
 22721 | Snake:2  | Reached skill level 11 in Slings
 22750 | Snake:2  | Killed Vashnia
 23394 | Snake:2  | Reached skill level 12 in Slings
 23526 | Snake:2  | Found Cikeusch's Jewellery Shop.
 23526 | Snake:2  | Found Oguoc's Gadget Shoppe.
 23527 | Snake:2  | Found Haenuino's Jewellery Shop.
 23925 | Snake:3  | Received a gift from Trog
 24136 | Snake:3  | Reached skill level 13 in Shields
 24229 | Snake:3  | Noticed Jorgrun
 24244 | Snake:3  | Killed Jorgrun
 24279 | Snake:3  | Noticed a nagaraja
 24299 | Snake:3  | Killed a nagaraja
 24572 | Snake:3  | Reached skill level 14 in Shields
 25040 | Snake:4  | Entered Level 4 of the Snake Pit
 25139 | Snake:4  | Noticed a nagaraja
 25151 | Snake:4  | Noticed a nagaraja
 25296 | Snake:4  | Reached skill level 15 in Shields
 25318 | Snake:4  | Killed a nagaraja
 25319 | Snake:4  | Received a gift from Trog
 25319 | Snake:4  | Reached XP level 17. HP: 75/111 MP: 2/17
 25389 | Snake:4  | Received a gift from Trog
 25610 | Snake:3  | Reached skill level 15 in Fighting
 25755 | Snake:4  | Reached skill level 16 in Fighting
 25839 | Snake:4  | Got a serpentine rune of Zot
 26488 | Shoals:1 | Entered Level 1 of the Shoals
 26494 | Shoals:1 | Reached skill level 13 in Armour
 26494 | Shoals:1 | Received a gift from Trog
 27391 | Shoals:2 | Received a gift from Trog
 27504 | Shoals:2 | Reached skill level 14 in Armour
 27518 | Shoals:2 | Received a gift from Trog
 27861 | Shoals:2 | Reached XP level 18. HP: 120/120 MP: 18/18
 28378 | Shoals:3 | Reached skill level 15 in Armour
 28521 | Shoals:3 | Reached skill level 4 in Dodging
 28815 | Shoals:3 | Noticed Polyphemus
 28824 | Shoals:3 | Reached skill level 5 in Dodging
 28834 | Shoals:3 | Killed Polyphemus
 28957 | Shoals:3 | Got a silken robe
 29114 | Shoals:3 | Noticed Mara
 29146 | Shoals:3 | Noticed HarryHood's illusion
 29155 | Shoals:3 | Killed Mara
 29155 | Shoals:3 | Reached skill level 6 in Dodging
 29272 | Shoals:3 | Received a gift from Trog
 29272 | Shoals:3 | Reached skill level 7 in Dodging
 29289 | Shoals:4 | Entered Level 4 of the Shoals
 29819 | Shoals:4 | Reached skill level 8 in Dodging
 29909 | Shoals:4 | Got a barnacled rune of Zot
 29961 | Shoals:4 | Noticed Ilsuiw
 30273 | Snake:2  | Bought the amulet "Lysemy" {Reflect rF- MP+9 Dex+3 SH+4} for 835 gold pieces
 30559 | D:15     | Entered Level 15 of the Dungeon
 30571 | D:15     | Reached skill level 9 in Dodging
 30776 | D:15     | Received a gift from Trog
 30781 | D:15     | Found a staircase to the Depths.
 31113 | D:15     | Received a gift from Trog
 31146 | D:15     | Reached skill level 17 in Fighting
 31150 | D:15     | Reached XP level 19. HP: 128/128 MP: 19/19
 31394 | D:14     | Killed Roxanne
 31742 | Vaults:1 | Entered Level 1 of the Vaults
 31995 | Vaults:1 | Killed from afar by a deep elf knight

Vault maps used:
D:1:      shiori_arrival_elements
D:3:      minmay_misc_feat_columns
D:5:      first_bread
D:7:      minmay_temple_entry_junction, uniq_menkaure, uniq_prince_ribbit1,
          uniq_duvessa
D:8:      minmay_weird_star
D:9:      chequers_temple_overflow_minitemple, gammafunk_temple_overflow_wave,
          serial_shops, shop
D:10:     david_lair_shrubbed, basic_altar
D:12:     orc_0_dummy, basic_altar, hangedman_fish_farm
D:13:     lab_entry_generic, uniq_kirke
D:14:     minmay_bloctagon, david_vaults_5, serial_park_gazebo,
          portal_ice_cave_entry_animals_and_master, uniq_roxanne
D:15:     gammafunk_depths_entry_grave, minivault_22
Lair:1:   st_stairs_6
Lair:2:   nicolae_volcano_entry_vermiform, roderic_carrion_pond
Lair:3:   uniq_gastronok
Lair:4:   minmay_shoals_entry_beasts, guppyfry_snake_entry_garden,
          grunt_megastairs_2, uniq_sonja
Lair:6:   cheibrodos_lair_end_hotspot, slime_altar_1, lemuel_fruit_tree
Shoals:2: nicolae_shoals_dead_sea_scrolls
Shoals:3: nicolae_shoals_loop_pool, uniq_polyphemus, uniq_mara
Shoals:4: shoals_end_simple, shoals_ilsuiw_alternative,
          nicolae_shoals_drake_roost
Snake:1:  basic_altar, uniq_asterion, uniq_aizul
Snake:2:  minmay_shop_grove, uniq_agnes, uniq_vashnia
Snake:3:  cheibrodos_snake_lava_hold, serial_bayou_pond_d, uniq_jorgrun
Snake:4:  snake_pit, st_stairs_8, spider_trap
Orc:1:    basic_altar, lemuel_statue_altar
Orc:2:    grunt_orc_tribal_feast, basic_altar
Vaults:1: hangedman_vaults_variations, kennysheep_vaults_gozag_temple,
          ontoclasm_vaults_chip, ontoclasm_vaults_claustrophobia,
          dpeg_vaults_monster_box, hangedman_vaults_trim, vaults_dpeg_ring

Skill      XL: |  1  2  3  4  5  6  7  8  9 10 11 12 13 14 15 16 17 18 |
---------------+-------------------------------------------------------+-----
Fighting       | 4 5 6 9 12 14 16 17 | 17.8
Maces & Flails | 5 6 9 12 15 17 | 17.6
Armour         | 5 6 8 9 11 12 14 15 | 15.0
Slings         | 3 6 8 10 12 | 12.0
Shields        | 3 6 7 9 12 15 | 15.0
Dodging        | 3 9 |  9.0

Action                   |  1- 3 |  4- 6 |  7- 9 | 10-12 | 13-15 | 16-18 | 19-21 || total
-------------------------+-------+-------+-------+-------+-------+-------+-------++-------
Melee: Mace              |    99 |    46 |       |       |       |       |       ||   145
       Morningstar       |       |    85 |   341 |   679 |   999 |  1159 |   116 ||  3379
 Fire: Hunting sling     |       |       |       |       |     7 |    31 |       ||    38
Invok: Berserk           |       |     1 |     1 |     5 |     8 |     2 |       ||    17
       Burn Spellbooks   |       |       |       |     5 |     1 |     1 |     1 ||     8
       Trog's Hand       |       |       |       |       |     1 |     3 |       ||     4
       Brothers in Arms  |       |       |       |       |       |     4 |       ||     4
 Abil: Fly               |       |       |       |     1 |       |       |       ||     1
  Use: Scroll            |     2 |     7 |     7 |    18 |     8 |    14 |     2 ||    58
       Potion            |       |       |       |     5 |     2 |     2 |       ||     9
 Stab: Sleeping          |     1 |       |       |       |       |       |       ||     1
  Eat: Chunk             |     1 |     7 |    12 |    32 |    29 |    27 |     3 ||   111
       Fruit             |       |       |       |       |     5 |     8 |       ||    13
Armor: Chain mail        |    59 |    91 |   257 |   332 |   395 |       |       ||  1134
       Animal skin       |     1 |       |       |       |       |       |       ||     1
       Plate armour      |       |       |       |       |    71 |   659 |    31 ||   761
Dodge: Dodged            |    46 |    53 |   163 |   172 |   231 |   344 |    37 ||  1046
Block: Shield            |       |       |       |   188 |   618 |   881 |    91 ||  1778
       Reflection        |       |       |       |       |       |    11 |     4 ||    15
